 Dungeon Crawl Stone Soup version 0.31.0-32-g396128a36d (webtiles) character file.

Game seed: 4638916323095313707

77 safid the Ruffian (level 4, 0/35 HPs)
             Began as a Draconian Shapeshifter on Mar 15, 2024.
             Constricted to death by Ijyb (6 damage)
             ... on level 3 of the Dungeon.
             The game lasted 00:02:11 (1540 turns).

safid the Ruffian (Draconian Shapeshifter)          Turns: 1540, Time: 00:02:11

Health: 0/35       AC:  5    Str: 19    XL:     4   Next: 13%
Magic:  4/4        EV:  9    Int: 10    God:
Gold:   174        SH:  0    Dex: 10    Spells: 3/3 levels left

rFire   . .          .
                       - Unarmed
rCold   . . .        (no shield)
rNeg    . . .        (body armour unavailable)
rPois   .            (helmet currently unavailable)
rElec   .            (cloak currently unavailable)
rCorr   +            (gloves currently unavailable)
SInv    .            (boots currently unavailable)
Will    .....        o - amulet of regeneration
Stlth   +            e - ring of resist corrosion
HPRegen 1.05/turn    (no ring)
MPRegen 0.09/turn

%: no passive effects
@: beast-form, grasped by roots, constricted
A: beast (slay +2), AC +5, unfitting armour, cold-blooded
a: Begin Untransformation


You were on level 3 of the Dungeon.
You were a hulking beast.
You visited 1 branch of the dungeon, and saw 3 of its levels.

You collected 174 gold pieces.

Inventory:

Jewellery
 e - a ring of resist corrosion (left hand)
 o - an amulet of regeneration (around neck)
Talismans
 b - a beast talisman
 c - a flux talisman
Scrolls
 d - a scroll of fog {unknown}
 g - a scroll of butterflies {unknown}
 i - a scroll of brand weapon {unknown}
 k - 5 scrolls of teleportation {unknown}
 l - a scroll of noise {unknown}
 m - a scroll of identify {unknown}
Potions
 a - a potion of lignification
 f - a potion of mutation {unknown}
 h - a potion of haste {unknown}
 j - a potion of curing {unknown}
 n - a potion of degeneration {unknown}
 p - a potion of heal wounds {unknown}


   Skills:
 + Level 1.1 Fighting
 - Level 2.0 Dodging
 + Level 4.1 Unarmed Combat
 * Level 3.8 Shapeshifting


You had 3 spell levels left.
You didn't know any spells.
Your spell library was empty.

Dungeon Overview and Level Annotations

Branches:
Dungeon (3/15)

Altars:

Shops:
D:1 :

Annotations:
D:3 Ijyb, Robin


Innate Abilities, Weirdness & Mutations

You are a hulking beast.
Your limbs bulge with bestial killing power. (Slay +2)
Your plain brown scales are hard. (AC +5)
You cannot fit into any form of body armour.
You are cold-blooded and may be slowed by cold attacks.


Message History

Ijyb is heavily wounded.
You hear a shout!
Robin of the Strong Arm comes into view.
They are wielding a +0 club.
Ijyb hits you but does no damage. The grasping roots constrict you.
You closely miss Ijyb.
Ijyb is heavily wounded.
The hobgoblin hits you but does no damage.
Ijyb barely misses you. The grasping roots constrict you.
Robin roars a battlecry!
The goblins go into a battle-frenzy!
You hear a shout!
You hear an angry hiss.
The grasping roots release their grip on you.
Unknown command.
You hit the hobgoblin but do no damage.
Robin says, "Feeling lonely?"
The hobgoblin hits you.
Ijyb zaps a wand.
The roots erupt in riotous growth!
The grasping roots grab you!
Ijyb is unaffected.
The hobgoblin is unaffected.
The grasping roots constrict you.
You hear a shout! x2
Unknown command.
You punch the hobgoblin!
You kill the hobgoblin!
You hear a shout!
Ijyb hits you with a +0 dagger.
* * * LOW HITPOINT WARNING * * *
The grasping roots constrict you.
* * * LOW HITPOINT WARNING * * *
You escape the roots grasp.
Ijyb attacks as she pursues you! Ijyb hits you with a +0 dagger.
* * * LOW HITPOINT WARNING * * *
A goblin comes into view. It is wielding a +0 club.
There is a stone staircase leading up here.
You see here a hobgoblin corpse.
Unknown command.
Unknown command.
Ijyb zaps a wand.
The roots erupt in riotous growth!
The grasping roots grab you!
Ijyb is unaffected.
Robin is unaffected.
The grasping roots constrict you.
You die...

#############
#...g........
#.###hg....##
#.####g# ..#
####


You could see Ijyb (strong), Robin and a goblin (wandering, strong).

Vanquished Creatures
  A gnoll (D:1)
  An adder (D:2)
  4 dart slugs
  A ribbon worm (D:2)
  8 endoplasms
  9 hobgoblins
  2 jackals (D:1)
  2 quokkas
  2 bats
  5 frilled lizards
  3 goblins (D:1)
  2 kobolds (D:2)
  6 rats
46 creatures vanquished.

Notes
Turn   | Place    | Note
-------+----------+-------------------------------------------
     0 | D:1      | safid the Draconian Shapeshifter began the quest for the
                  | Orb.
     0 | D:1      | Reached XP level 1. HP: 16/16 MP: 1/1
   112 | D:1      | Reached XP level 2. HP: 17/23 MP: 2/2
   139 | D:1      | Found Gymoine's Book Shop.
   418 | D:1      | Reached XP level 3. HP: 22/28 MP: 3/3
   970 | D:2      | Identified the +2 mace of the Nurturing Gods {flame, rF+
                  | Will+}
  1318 | D:2      | Reached skill level 4 in Unarmed Combat
  1318 | D:2      | Reached XP level 4. HP: 33/35 MP: 4/4
  1526 | D:3      | Noticed Ijyb
  1535 | D:3      | Noticed Robin
  1540 | D:3      | Constricted to death by Ijyb

Illustrated notes

Levels and vault maps discovered:
D:1:      dpeg_arrival_tiny_i, layout_basic, serial_shops, nicolae_square_shop
D:2:      layout_rooms
D:3:      layout_loops_ring, overflow_temple_1_default, grunt_gozag_breadcrumbs,
          nicolae_qazlal_beasts_of_the_sky, serial_rivers,
          chequers_serial_rivers_micro_c, chequers_serial_rivers_large_b,
          chequers_serial_rivers_micro_d, chequers_serial_rivers_room_b,
          chequers_serial_rivers_small_b, shapermc_ecumenical_altar_flowoftime,
          serial_shops, shop, uniq_grinder, uniq_robin, uniq_ijyb, uniq_sigmund

Skill      XL: |  1  2  3 |
---------------+----------+-----
Dodging        | 2 |  2.0
Unarmed Combat | 4 |  4.1
Fighting       | |  1.1
Shapeshifting  | |  3.8

Action                     |  1- 3 |  4- 6 || total
---------------------------+-------+-------++-------
  Melee: Unarmed           |   104 |    22 ||   126
         Tailslap          |    11 |     2 ||    13
 Armour: Skin              |    46 |    12 ||    58
  Dodge: Dodged            |    61 |     8 ||    69
